 Dungeon Crawl Stone Soup version 0.31-a0-188-g5e087ee2ca (webtiles) character file.

Game seed: 826709997430878909

65 qw the Shooter (level 3, -5/20 HPs)
             Began as a Deep Elf Hunter on June 23, 2023.
             Slain by a gnoll
             ... wielding a +0 flail
              (7 damage)
             ... on level 3 of the Dungeon.
             The game lasted 00:00:37 (1350 turns).

qw the Shooter (Deep Elf Hunter)                    Turns: 1350, Time: 00:00:38

Health: -5/20      AC:  4    Str: 10    XL:     3   Next: 94%
Magic:  5/5        EV: 12    Int: 13    God:
Gold:   78         SH:  0    Dex: 18    Spells: 2/2 levels left

rFire   + . .        Y - +0 shortbow
rCold   + . .        (shield currently unavailable)
rNeg    . . .        c - +0 leather armour
rPois   +            (no helmet)
rElec   +            (no cloak)
rCorr   +            (no gloves)
SInv    .            j - +0 pair of boots
Will    +....        (no amulet)
Stlth   ++           h - ring of willpower
HPRegen 0.23/turn    (no ring)
MPRegen 0.09/turn

%: no passive effects
@: resistant (expiring)
A: no striking features
a: no special abilities


You were on level 3 of the Dungeon.
You visited 1 branch of the dungeon, and saw 3 of its levels.

You collected 78 gold pieces.


   Skills:
 - Level 1.5 Fighting
 + Level 7.4 Ranged Weapons
 - Level 2.4 Dodging
 - Level 1.2 Stealth


You had 2 spell levels left.
You didn't know any spells.
Your spell library was empty.

Inventory:

Hand Weapons
 Y - a +0 shortbow (weapon)
Armour
 c - a +0 leather armour (worn)
 j - a +0 pair of boots (worn)
Jewellery
 h - a ring of willpower (left hand)
Scrolls
 f - a scroll of identify
Potions
 a - 2 potions of resistance
 b - a potion of might
 g - a potion of ambrosia {unknown}
 i - a potion of curing

Dungeon Overview and Level Annotations

Branches:
Dungeon (3/15)

Altars:
Trog


Message History

Found a stone staircase leading up.
A gnoll comes into view. It is wielding a +0 spear.
You shoot an arrow. The arrow hits the gnoll.
The gnoll is moderately wounded.
A gnoll is nearby!
A gnoll is nearby!
Found 8 gold pieces.
A gnoll comes into view. It is wielding a +0 spear.
The gnoll shouts!
You hear a shout!
A gnoll comes into view. It is wielding a +0 flail.
You shoot an arrow. The arrow barely misses the gnoll.
The gnoll hits you from afar with a +0 spear!
You shoot an arrow. The arrow barely misses the gnoll.
The gnoll closely misses you.
A gnoll comes into view. It is wielding a +0 halberd.
You shoot an arrow. The arrow hits the gnoll!
You kill the gnoll!
You shoot an arrow. The arrow hits the gnoll.
The gnoll is lightly wounded.
You shoot an arrow. The arrow hits the gnoll.
The gnoll is lightly wounded.
You start to feel less resistant.
The gnoll misses you.
You shoot an arrow. The arrow hits the gnoll.
The gnoll is moderately wounded.
The gnoll hits you from afar with a +0 spear.
You shoot an arrow. The arrow closely misses the gnoll.
The gnoll hits you from afar with a +0 spear.
You shoot an arrow. The arrow hits the gnoll.
The gnoll is moderately wounded.
The gnoll hits you with a +0 flail. The gnoll misses you.
The gnoll hits you from afar with a +0 spear.
You shoot an arrow.
The arrow hits the gnoll but does no damage.
The gnoll is moderately wounded.
The gnoll barely misses you. The gnoll closely misses you.
You shoot an arrow. The arrow hits the gnoll.
The gnoll is almost dead.
The gnoll hits you with a +0 flail!
You die...

#¤~~~~.~~~¤~.......
###.#..#....#..... #
#<..##.#......###.#
######.##.....#........
#......................#
..########.............#
#...#....#....#
#...........#?#
#...g@##......#
#.....##....#<.
#....gg.....# #
#...#....#...#
#.............#
................
##....$##.#..... ##.###
.....#


You could see 3 gnolls.

Vanquished Creatures
  A gnoll (D:3)
  An adder (D:2)
  2 worms (D:2)
  4 ball pythons
  2 bats
  4 endoplasms
  4 giant cockroaches
  2 goblins
  4 hobgoblins
  2 quokkas (D:1)
  5 frilled lizards (D:1)
  4 kobolds
  6 rats
41 creatures vanquished.

Notes
Turn   | Place    | Note
-------+----------+-------------------------------------------
     0 | D:1      | qw the Deep Elf Hunter began the quest for the Orb.
     0 | D:1      | Reached XP level 1. HP: 12/12 MP: 3/3
     0 | D:1      | 0 ||| qw: Version: 0.3-a-9-g12657ce
     0 | D:1      | 0 ||| qw: Game counter: 3754
     0 | D:1      | 0 ||| qw: Always use a shield: true
     0 | D:1      | 0 ||| qw: God list: Okawaru
     0 | D:1      | 0 ||| qw: Allow faded altars: false
     0 | D:1      | 0 ||| qw: Do Orc after D:15 true
     0 | D:1      | 0 ||| qw: Do second Lair branch before Depths: true
     0 | D:1      | 0 ||| qw: Lair rune preference: random
     0 | D:1      | 0 ||| qw: Plans: Normal
     0 | D:1      | 0 ||| PLANNING D:1-11
   108 | D:1      | Found a faded altar of an unknown god.
   197 | D:1      | Reached XP level 2. HP: 16/16 MP: 4/4
   208 | D:1      | Reached skill level 6 in Ranged Weapons
   668 | D:1      | 668 ||| UPGRADING to +0 pair of boots.
   673 | D:1      | 673 ||| READING scroll labelled TYICUEHOLU.
   674 | D:1      | 674 ||| READING scroll labelled SAUQIZ HODIGGU.
   678 | D:1      | 678 ||| READING 2 scrolls labelled ANAULI VUEHICH.
   679 | D:1      | 679 ||| READING scroll labelled MUSAEG FUNKIWA.
   680 | D:1      | 680 ||| DROPPING scroll of butterflies.
   916 | D:2      | Reached XP level 3. HP: 16/20 MP: 5/5
   987 | D:2      | Reached skill level 7 in Ranged Weapons
  1291 | D:2      | 1291 ||| UPGRADING to ring of willpower.
  1292 | D:2      | 1292 ||| READING scroll labelled WANUMET HETSI.
  1293 | D:2      | 1293 ||| READING scroll labelled PASTUERHORPH.
  1294 | D:2      | 1294 ||| READING 4 scrolls labelled DICARGH SAUCVI.
  1295 | D:2      | 1295 ||| DRINKING 3 orange potions.
  1296 | D:2      | 1296 ||| DRINKING 2 bubbling golden potions.
  1297 | D:2      | 1297 ||| READING 2 scrolls of identify.
  1297 | D:2      | 1297 ||| IDENTIFYING lumpy golden potion
  1298 | D:2      | 1298 ||| DROPPING 3 scrolls of immolation.
  1318 | D:3      | Found a bloodstained altar of Trog.
  1348 | D:3      | HP: 1/20 [gnoll/+0 spear (6)]
  1350 | D:3      | Slain by a gnoll

Levels and vault maps discovered:
D:1:      reono_arrival_mine, layout_basic, shapermc_ecumenical_altar_flowoftime
D:2:      layout_loops_ring, minmay_close_crescents
D:3:      layout_loops_ring, lightli_temple_of_fire, skrybe_limestone_x

Skill      XL: |  1  2  3 |
---------------+----------+-----
Ranged Weapons | 6 7 |  7.4
Fighting       | |  1.5
Dodging        | |  2.4
Stealth        | |  1.2

Action                     || total
---------------------------++-------
   Fire: Shortbow          ||   138
    Use: Scroll            ||     8
         Potion            ||     2
 Armour: Leather armour    ||     9
  Dodge: Dodged            ||    32

Table legend:
 A = Non-vault XP
 B = Vault XP
 C = Vault XP percentage of total XP
 D = Non-vault monster count
 E = Vault monster count
 F = Vault count percentage of total count
                 A         B        C        D         E       F
            +---------+---------+-------+---------+---------+-------
      Total |      77 |      17 |  18.1 |      38 |       3 |   7.3
            +---------+---------+-------+---------+---------+-------
        D:1 |      33 |       0 |   0.0 |      22 |       0 |   0.0
        D:2 |      29 |      17 |  37.0 |      15 |       3 |  16.7
        D:3 |      15 |       0 |   0.0 |       1 |       0 |   0.0
            +---------+---------+-------+---------+---------+-------
